 Dungeon Crawl Stone Soup version 0.29-a0-1016-g236c7fd91e (webtiles) character file.

Game seed: 13243408349326815681

17 flotson the Sneak (level 2, 0/24 HPs)
             Began as a Demonspawn Delver on Aug 10, 2022.
             Slain by an orc
             ... wielding a +0 flail
              (8 damage)
             ... on level 4 of the Dungeon.
             The game lasted 00:00:49 (177 turns).

flotson the Sneak (Demonspawn Delver)                Turns: 177, Time: 00:00:49

Health: 0/24       AC:  3    Str: 12    XL:     2   Next: 44%
Magic:  2/2        EV: 11    Int: 11    God:
Gold:   12         SH:  3    Dex: 14    Spells: 1/1 levels left

rFire   . . .      SeeInvis .   a - +0 hand axe
rCold   . . .      Faith    .   f - +0 buckler
rNeg    . . .      Spirit   .   b - +0 leather armour
rPois   .          Reflect  .   (no helmet)
rElec   .          Harm     .   (no cloak)
rCorr   .          Rampage  .   (no gloves)
Will    .....                   (no boots)
Stlth   ++........              (no amulet)
HPRegen 0.08/turn               (no ring)
MPRegen 0.08/turn               (no ring)

@: no status effects
A: demonic touch 1
a: no special abilities


You were on level 4 of the Dungeon.
You visited 1 branch of the dungeon, and saw 2 of its levels.

You collected 12 gold pieces.

Inventory:

Hand Weapons
 a - a +0 hand axe (weapon)
Armour
 b - a +0 leather armour (worn)
 f - a +0 buckler (worn)
Wands
 g - a wand of digging (3)
Scrolls
 c - a scroll of fog
 d - a scroll of magic mapping
 e - a scroll of fear
 h - 2 scrolls of silence {unknown}


   Skills:
 + Level 3.2 Fighting
 - Level 1.7 Axes
 + Level 0.7 Armour
 + Level 2.1 Dodging
 - Level 4.5 Stealth
 + Level 0.1 Shields
 + Level 0.8 Evocations


You had one spell level left.
You didn't know any spells.
Your spell library was empty.

Dungeon Overview and Level Annotations

Branches:
Dungeon (5/15)
 Temple: D:4-7

Altars:


Innate Abilities, Weirdness & Mutations

Your touch may inflict minor irresistible damage on your foes.


Message History

You kill the orc!
The orc shouts!
You hear a shout!
You hit the orc.
The orc is moderately wounded.
An orc comes into view. It is wielding a +0 flail.
The orc barely misses you.
You hit the orc.
The orc is heavily wounded.
You feel yourself slow down.
You closely miss the orc.
The orc is heavily wounded.
The orc barely misses you.
An orc comes into view. It is wielding a +0 flail.
The orc throws a boomerang.
The boomerang closely misses you. The orc hits you with a +0 dagger.
You hit the orc.
The orc is almost dead.
You closely miss the orc. The orc barely misses you.
You block the orc's attack.
You closely miss the orc.
The orc is almost dead.
You hit the orc but do no damage. The orc hits you with a +0 dagger.
The orc barely misses you.
You are too injured to fight recklessly!
You are too injured to fight recklessly!
You are too injured to fight recklessly!
You are too injured to fight recklessly!
You are too injured to fight recklessly!
You are too injured to fight recklessly!
You hit the orc.
The orc is lightly wounded.
You hit the orc.
You kill the orc!
The orc hits you but does no damage.
You hit the orc.
You kill the orc!
You hit the orc but do no damage. The orc barely misses you.
You hit the orc but do no damage. The orc hits you with a +0 flail.
The orc hits you with a +0 flail!
You die...

###### ..#..
#.#o# #.#@# #
###.#)#.####.
#.....)......
#.#.#.#.####.
# #.#.#.#.# #
#.##.#.#.# #
..#
#......#..
..##
####.#####
##...##
#.....##
##.S...##


You could see an orc.

Vanquished Creatures
  An adder (D:4)
  4 orcs
5 creatures vanquished.

Notes
Turn   | Place    | Note
-------+----------+-------------------------------------------
     0 | D:5      | flotson the Demonspawn Delver began the quest for the Orb.
     0 | D:5      | Reached XP level 1. HP: 18/18 MP: 1/1
    99 | D:5      | Noticed a sky beast
   147 | D:4      | Gained mutation: Your touch may inflict minor irresistible
                  | damage on your foes. [demonic ancestry]
   147 | D:4      | Reached XP level 2. HP: 15/24 MP: 2/2
   177 | D:4      | Slain by an orc

Illustrated notes

Levels and vault maps discovered:
D:4:      layout_loops_corners, minmay_temple_entry_wispy, uniq_menkaure
D:5:      layout_basic, gup_sewer_entry_glass

Skill      XL: |  1 |
---------------+----+-----
Dodging        | 2 |  2.1
Fighting       | |  3.2
Axes           | |  1.7
Armour         | |  0.7
Stealth        | |  4.5
Shields        | |  0.1
Evocations     | |  0.8

Action                   || total
-------------------------++-------
Melee: Hand axe          ||    21
  Use: Potion            ||     1
Armor: Leather armour    ||     4
Dodge: Dodged            ||    13
Block: Buckler           ||     2

Table legend: (Time is in decaauts)
 A = Elapsed time spent in this place.
 B = Non-inter-level travel time spent in this place.
 C = Inter-level travel time spent in this place.
 D = Time resting spent in this place.
 E = Time spent auto-exploring this place.
 F = Levels seen in this place.
 G = Mean time per level.
                   A        B        C        D        E       F      G
               +--------+--------+--------+--------+--------+-----+--------+
         Total |    167 |    167 |      0 |      0 |     87 |   2 |   83.5 |
       Dungeon |    167 |    167 |      0 |      0 |     87 |   2 |   83.5 |
               +--------+--------+--------+--------+--------+-----+--------+

Top non-repeatable levels by time:
     D:5: 133 daAuts
     D:4: 34 daAuts
